 Dungeon Crawl Stone Soup version 0.29.1-15-g9cfb28693d (webtiles) character file.

Game seed: 2092352964621927524

1 ChiefBigBeans the Stinger (level 1, 0/13 HPs)
             Began as a Merfolk Venom Mage on Feb 26, 2023.
             Slain by a hobgoblin (1 damage)
             ... on level 1 of the Dungeon.
             The game lasted 00:00:23 (42 turns).

ChiefBigBeans the Stinger (Merfolk Venom Mage)        Turns: 42, Time: 00:00:23

Health: 0/13       AC:  2    Str:  8    XL:     1   Next: 20%
Magic:  1/3        EV: 12    Int: 14    God:
Gold:   0          SH:  0    Dex: 14    Spells: 3/4 levels left

rFire   . . .      SeeInvis .   (no weapon)
rCold   . . .      Faith    .   (no shield)
rNeg    . . .      Spirit   .   a - +0 robe
rPois   .          Reflect  .   (no helmet)
rElec   .          Harm     .   (no cloak)
rCorr   .          Rampage  .   (no gloves)
Will    .....                   (no boots)
Stlth   ++........              (no amulet)
HPRegen 0.04/turn               (no ring)
MPRegen 0.08/turn               (no ring)

@: no status effects
A: (nimble swimmer 2), mertail
a: no special abilities


You were on level 1 of the Dungeon.
You visited 1 branch of the dungeon, and saw 1 of its levels.

Inventory:

Armour
 a - a +0 robe (worn)
Potions
 b - a potion of magic


   Skills:
 + Level 2.7 Dodging
 + Level 2.2 Stealth
 + Level 2.0 Spellcasting
 + Level 1.4 Transmutations
 + Level 3.3 Poison Magic


You had 3 spell levels left.
You knew the following spells:

 Your Spells              Type           Power      Damage    Failure   Level
a - Sting                 Tmut/Pois      32%        1d4       9%          1

Your spell library contained the following spells:

 Spells                   Type           Power      Damage    Failure   Level
 Poisonous Vapours        Pois/Air       12%        N/A       19%         2
 Mephitic Cloud           Conj/Pois/Air  4%         N/A       41%         3
 Olgreb's Toxic Radiance  Pois           10%        N/A       52%         4


Dungeon Overview and Level Annotations

Branches:
Dungeon (1/15)

Altars:


Innate Abilities, Weirdness & Mutations

((You are very nimble when in or above water. (Stealth+, EV+, Speed+++)))
Your lower body shifts to a powerful aquatic tail in water.


Message History

The hobgoblin is heavily wounded.
The goblin shouts!
The hobgoblin barely misses you.
The sting hits the hobgoblin but does no damage.
The hobgoblin looks even sicker.
The hobgoblin is severely wounded.
The hobgoblin closely misses you.
You are out of magic!
There are monsters nearby!
You kill the hobgoblin!
Found 6 gold pieces.
Found a scroll labelled ITIEGG MOQEN.
The goblin hits you but does no damage. The goblin attacks as you move away!
The goblin hits you with a +0 dagger.
A jackal and a frilled lizard come into view.
The goblin completely misses you. The hobgoblin hits you.
The hobgoblin attacks as you move away! The hobgoblin closely misses you.
The jackal barks!
You hear a bark!
A jackal comes into view.
You closely miss the goblin. The goblin hits you but does no damage.
The hobgoblin closely misses you.
You completely miss the goblin. The goblin misses you.
The hobgoblin barely misses you.
You barely miss the goblin. The goblin misses you.
The hobgoblin closely misses you.
You miss the goblin. The jackal barely misses you.
The goblin hits you with a +0 dagger. The hobgoblin completely misses you.
You hit the goblin but do no damage. The jackal barely misses you.
The jackal bites you but does no damage.
The goblin hits you but does no damage. The jackal barely misses you.
The hobgoblin hits you.
* * * LOW HITPOINT WARNING * * *
You closely miss the goblin. The jackal barely misses you.
The jackal bites you.
* * * LOW HITPOINT WARNING * * *
The goblin hits you but does no damage.
The hobgoblin hits you but does no damage.
You hit the goblin but do no damage. The jackal misses you. x2
The goblin closely misses you. The hobgoblin hits you.
You die...

...... #. #.....#
#. #. ......
..#...# #$###.#?.#
.....###.##.....#
#.#.............###
#.#..#.....hh......
.........g@.#
#..#....g### #
#.†##...####
....#..........#
............#####+#
#######.#.#.# #.#
#.#.#.# ##'##
#.#.######...###
..#..'.'.'.<.'.+


You could see 2 jackals, a hobgoblin and a goblin.

Vanquished Creatures
  A hobgoblin (D:1)
1 creature vanquished.

Notes
Turn   | Place    | Note
-------+----------+-------------------------------------------
     0 | D:1      | ChiefBigBeans the Merfolk Venom Mage began the quest for
                  | the Orb.
     0 | D:1      | Reached XP level 1. HP: 13/13 MP: 3/3
    42 | D:1      | Slain by a hobgoblin

Illustrated notes

Levels and vault maps discovered:
D:1:      minmay_arrival_doors, layout_loops_ring, serial_shops,
          nicolae_shop_advertising_works [nicolae_subvault_shop_adworks]

Action                   || total
-------------------------++-------
Melee: Unarmed           ||     7
 Cast: Sting             ||     3
Armor: Robe              ||     6
Dodge: Dodged            ||    17
